 Dungeon Crawl Stone Soup version 0.27.1-33-g824d729ab1 (webtiles) character file.

Game seed: 3011260819585608452

124 H0rd4k the Charlatan (level 5, -3/38 HPs)
             Began as a Human Artificer on Dec 14, 2021.
             Slain by an iguana (5 damage)
             ... on level 6 of the Dungeon.
             The game lasted 00:05:12 (4984 turns).

H0rd4k the Charlatan (Human Artificer)              Turns: 4984, Time: 00:05:13

Health: -3/38      AC:  3    Str: 14    XL:     5   Next: 30%
Magic:  5/5        EV: 11    Int: 11    God:
Gold:   205        SH:  0    Dex: 13    Spells: 4/4 levels left

rFire    . . .     SeeInvis .   g - +0 dagger
rCold    . . .     Faith    .   (no shield)
rNeg     . . .     Spirit   .   b - +0 leather armour
rPois    .         Reflect  .   (no helmet)
rElec    .         Harm     .   (no cloak)
rCorr    .         Rampage  .   (no gloves)
Will     .....                  (no boots)
Stlth    +.........             (no amulet)
HPRegen  0.12/turn              (no ring)
MPRegen  0.09/turn              (no ring)

@: no status effects
A: no striking features
a: no special abilities


You were on level 6 of the Dungeon.
You visited 1 branch of the dungeon, and saw 6 of its levels.

You collected 205 gold pieces.

Inventory:

Hand Weapons
 g - a +0 dagger (weapon)
Armour
 b - a +0 leather armour (worn)
Magical Staves
 q - a staff of fire
Jewellery
 s - a ring of protection from cold
 t - an amulet of guardian spirit
Wands
 c - a wand of flame (6) (quivered)
 d - a wand of charming (10)
Scrolls
 a - 8 scrolls of identify {unknown}
 h - 2 scrolls of noise {unknown}
 l - 2 scrolls of amnesia {unknown}
 m - 4 scrolls of teleportation {unknown}
 n - a scroll of fog {unknown}
 o - 2 scrolls of enchant armour {unknown}
Potions
 f - 2 potions of might {unknown}
 i - 2 potions of invisibility {unknown}
 j - a potion of degeneration {unknown}
 k - 5 potions of curing {unknown}
 p - a potion of lignification {unknown}
 r - 2 potions of heal wounds {unknown}
Miscellaneous
 e - a piece from Xom's chessboard (15/15)


   Skills:
 + Level 1.8 Fighting
 + Level 2.8 Short Blades
 - Level 2.0 Armour
 + Level 1.7 Dodging
 - Level 1.0 Stealth
 + Level 4.0 Evocations


You had 4 spell levels left.
You didn't know any spells.
Your spell library was empty.

Dungeon Overview and Level Annotations

Branches:
Dungeon (6/15)
 Temple: D:4-7

Altars:
Cheibriados
Vehumet

Annotations:
D:3 1 runed translucent door, exclusions: door and downstairs, Crazy Yiuf
D:4 exclusions: hound and yak


Message History

Guard this area!
You swap places.
Unknown command.
You feel a bit more experienced.
Found 10 stones.
There is a stone staircase leading down here.
You climb downwards.
The iguana hisses angrily.
There is a stone staircase leading up here.
Aiming: Throw Flame
Press: ? - help, Shift-Dir - straight line, f - iguana
Aim: an iguana (75% to hit)
The puff of flame hits the iguana.
The iguana is lightly wounded.
Aiming: Throw Flame
Press: ? - help, Shift-Dir - straight line, f/p - iguana
Aim: an iguana (lightly wounded, 75% to hit)
The puff of flame misses the iguana.
Unknown command.
Aiming: Throw Flame
Press: ? - help, Shift-Dir - straight line, f/p - iguana
Aim: an iguana (lightly wounded, 75% to hit)
The puff of flame hits the iguana!
The iguana is heavily wounded.
Unknown command.
Aiming: Throw Flame
Press: ? - help, Shift-Dir - straight line, f/p - iguana
Aim: an iguana (heavily wounded, 75% to hit)
The puff of flame hits the iguana but does no damage.
The iguana is heavily wounded.
The iguana bites you!
* * * LOW HITPOINT WARNING * * *
Unknown command.
Aiming: Throw Flame
Press: ? - help, Shift-Dir - straight line, f/p - iguana
Aim: an iguana (heavily wounded, 75% to hit)
The puff of flame hits the iguana.
The iguana is heavily wounded.
The iguana bites you.
You die...

##+##
##...##
##.....##
##.......##
#.........#
+....@....+
#....l....#
##.......##
##.....##
##...##
##+##


You could see an iguana.

Vanquished Creatures
  A howler monkey skeleton (D:3)
  An adder (D:2)
  An adder skeleton (D:4)
  5 dart slugs
  11 ball pythons
  10 endoplasms
  3 giant cockroaches
  3 goblins
  5 hobgoblins
  4 jackals
  A quokka (D:4)
  6 bats
  A frilled lizard (D:1)
  6 kobolds
  4 rats (D:1)
62 creatures vanquished.

Vanquished Creatures (collateral kills)
  An iguana (D:5)
  An adder (D:5)
  An orc (D:5)
3 creatures vanquished.

Vanquished Creatures (others)
  A yak (D:4)
  2 plants (D:1)
3 creatures vanquished.

Grand Total: 68 creatures vanquished

Notes
Turn   | Place    | Note
-------+----------+-------------------------------------------
     0 | D:1      | H0rd4k the Human Artificer began the quest for the Orb.
     0 | D:1      | Reached XP level 1. HP: 15/15 MP: 1/1
   402 | D:1      | Reached XP level 2. HP: 15/21 MP: 2/2
   510 | D:1      | Found a faded altar of an unknown god.
  1243 | D:1      | Reached XP level 3. HP: 26/26 MP: 3/3
  2240 | D:2      | Reached skill level 1 in Short Blades
  2768 | D:2      | Reached XP level 4. HP: 22/32 MP: 4/4
  2993 | D:2      | Found a snail-covered altar of Cheibriados.
  3610 | D:3      | Found a radiant altar of Vehumet.
  3843 | D:3      | Found a runed translucent door.
  3844 | D:3      | Noticed Crazy Yiuf
  4248 | D:4      | Reached XP level 5. HP: 37/38 MP: 5/5
  4522 | D:4      | Noticed a yak
  4834 | D:4      | Noticed a yak
  4835 | D:4      | Noticed a yak
  4838 | D:4      | Noticed a yak
  4892 | D:5      | Entered Level 5 of the Dungeon
  4916 | D:5      | Reached skill level 4 in Evocations
  4919 | D:5      | Noticed a bullfrog
  4983 | D:6      | HP: 1/38 [iguana (7)]
  4984 | D:6      | Slain by an iguana

Illustrated notes

Levels and vault maps discovered:
D:1:      minmay_arrival_arboretum_small, layout_loops_ring,
          shapermc_ecumenical_altar_starsandcircs, chequers_big_river,
          minmay_three_crescents
D:2:      layout_rooms, basic_altar, hangedman_decor_push
D:3:      layout_rooms, mainiacjoe_overflow_catwalk, serial_curves,
          eino_curves_04, eino_curves_03, dk_noncrumbling_2,
          uniq_crazy_yiuf_cottage
D:4:      layout_loops_corners
D:5:      layout_cave_pools, chequers_serial_rivers_large_b
D:6:      layout_loops_corners

Skill      XL: |  1  2  3  4  5 |
---------------+----------------+-----
Short Blades   | 1 2 |  2.8
Evocations     | 4 |  4.0
Fighting       | |  1.8
Armour         | |  2.0
Dodging        | |  1.7
Stealth        | |  1.0

Action                   |  1- 3 |  4- 6 || total
-------------------------+-------+-------++-------
Melee: Club              |    16 |       ||    16
       Dagger            |   210 |   118 ||   328
Evoke: Wand              |       |    14 ||    14
 Stab: Sleeping          |     2 |     3 ||     5
       Distracted        |     1 |     1 ||     2
Armor: Leather armour    |    64 |    34 ||    98
Dodge: Dodged            |   131 |    79 ||   210
